 Dungeon Crawl Stone Soup version 0.24-a0-530-g18ba70b503 (webtiles) character file.

Game seed: 971364805755111383

3628 BinkBink the Cleaver (level 9, -12/84 HPs)
             Began as a Deep Dwarf Berserker on Aug 7, 2019.
             Was a Believer of Trog.
             Mangled by a death knight
             ... wielding a +4 halberd
              (21 damage)
             ... on level 8 of the Dungeon.
             The game lasted 00:17:36 (5916 turns).

BinkBink the Cleaver (Deep Dwarf Berserker)         Turns: 5916, Time: 00:17:37

Health: -12/84     AC: 13    Str: 24    XL:     9   Next: 87%
Magic:  4/4        EV:  9    Int:  8    God:    Trog [**....]
Gold:   424        SH:  0    Dex: 12    Spells: 8/8 levels left

rFire    . . .     SeeInvis .   v - +3 war axe
rCold    + . .     Gourm    .   (no shield)
rNeg     . . .     Faith    .   C - +0 plate armour
rPois    .         Spirit   .   (no helmet)
rElec    .         Reflect  .   (no cloak)
rCorr    .         Harm     .   (no gloves)
MR       +....                  (no boots)
Stlth    ..........             (no amulet)
HPRegen  0.00/turn              j - ring of protection from cold
MPRegen  0.09/turn              s - ring of flight

@: non-regenerating
A: damage resistance, heal wounds, sense surroundings 2, no regeneration
a: Heal Wounds, Berserk, Trog's Hand, Renounce Religion, Evoke Flight


You were on level 8 of the Dungeon.
You worshipped Trog.
Trog was pleased with you.
You were near starving.

You visited 1 branch of the dungeon, and saw 8 of its levels.

You collected 424 gold pieces.

Inventory:

Hand Weapons
 a - a +0 falchion
 v - a +3 war axe (weapon)
 D - a +6 hunting sling of flaming
Armour
 C - a +0 plate armour (worn)
Jewellery
 j - a ring of protection from cold (left hand)
 s - a ring of flight (right hand)
 z - a +4 ring of strength {unknown}
 A - an uncursed ring of ice {unknown}
Wands
 x - a wand of clouds (13)
 B - a wand of flame (10)
 F - a wand of paralysis (12)
Scrolls
 b - 3 scrolls of amnesia {unknown}
 f - 5 scrolls of remove curse
 g - 8 scrolls of identify {unknown}
 h - 2 scrolls of immolation {unknown}
 k - 6 scrolls of teleportation {unknown}
 m - 2 scrolls of random uselessness {unknown}
 o - a scroll of enchant weapon {unknown}
 p - 4 scrolls of fear {unknown}
 q - a scroll of magic mapping {unknown}
 t - a scroll of noise {unknown}
 w - 2 scrolls of blinking {unknown}
 y - 2 scrolls of torment {unknown}
Potions
 d - a potion of lignification {unknown}
 e - a potion of berserk rage {unknown}
 i - a potion of mutation {unknown}
 l - 3 potions of curing {unknown}
 n - 3 potions of brilliance {unknown}
 r - a potion of might {unknown}
 u - 3 potions of agility {unknown}
Comestibles
 c - 16 rations


   Skills:
 + Level 6.3 Fighting
 + Level 5.7 Long Blades
 + Level 8.5 Axes
 + Level 2.8 Slings
 + Level 8.3 Armour
 + Level 4.6 Dodging
 + Level 0.4 Stealth


You had 8 spell levels left.
You didn't know any spells.
Your spell library contained the following spells:

 Spells                   Type           Power        Failure   Level  Hunger
 Tukima's Dance           Hex            #.......     100%        3    ####...
 Cause Fear               Hex            #.........   100%        4    #####..
 Sticky Flame             Conj/Fire      #.......     100%        4    #####..
 Spellforged Servitor     Conj/Summ      #.........   100%        7    #######


Dungeon Overview and Level Annotations

Branches:
Dungeon (8/15)             Temple (0/1) D:5
   Lair: D:8-11

Altars:
Ashenzari
Elyvilon
Ru
Sif Muna
Trog
Uskayaw


Innate Abilities, Weirdness & Mutations

You are resistant to damage.
You can heal yourself by infusing magical energy.
You passively map the area around you.
You do not regenerate.


Message History

You kill the kobold!
Trog accepts your kill.
The big kobold hits you but does no damage.
The death knight hits you from afar with a +4 halberd!
* * * LOW HITPOINT WARNING * * *
You slash the big kobold!
You kill the big kobold!
Trog accepts your kill.
The death knight hits you but does no damage.
You hit the kobold.
You kill the kobold!
Trog accepts your kill.
Your plate armour prevents you from hitting the kobold.
The kobold hits you but does no damage. x2
Your plate armour prevents you from hitting the kobold.
You slash the kobold!
You kill the kobold!
Trog accepts your kill.
The death knight hits you from afar with a +4 halberd!!
You die...

#########################
#.......p........K.K.....
#.#######################
########.#
.........##############*
**
,...[.........p)@KK.....,
,
*########.####.###K#####*
* ,.............# ###***
***
#########.###..###.... ,
.(
......................,,
, , , ,.
####.##....##.<.######, *
*. #, #....+....# , * *,
#....###..# ,,,, * ,
#....# #..# ,, (.(


You could see a death knight and 3 kobolds.

Vanquished Creatures
  Joseph (D:7)
  A hippogriff (D:7)
  Eustachio (D:6)
  A water moccasin (D:5)
  An orc warrior (D:6)
  3 ice beasts
  A necrophage (D:7)
  A sky beast (D:7)
  3 ogres
  A phantom (D:5)
  4 centaurs
  2 big kobolds
  4 bullfrogs
  A gnoll sergeant (D:6)
  A scorpion (D:8)
  3 wights (D:6)
  3 crimson imps
  A jelly (D:5)
  2 quasits
  A centaur skeleton (D:6)
  2 orc priests
  7 hounds
  3 orc wizards
  2 bullfrog skeletons (D:6)
  4 iguanas
  4 worker ants
  A killer bee zombie (D:6)
  3 gnolls (D:6)
  9 adders
  A shadow imp (D:5)
  An ooze (D:1)
  An adder skeleton (D:4)
  3 worms (D:2)
  A dart slug (D:1)
  4 leopard geckos
  12 orcs
  4 ball pythons
  5 bats
  7 giant cockroaches
  8 hobgoblins
  13 jackals
  A quokka (D:4)
  4 frilled lizards
  8 goblins
  2 jackal skeletons
  17 kobolds
  A leopard gecko zombie (D:5)
  A quokka skeleton (D:6)
  7 rats
172 creatures vanquished.

Vanquished Creatures (others)
  An orc wizard (D:3)
1 creature vanquished.

Grand Total: 173 creatures vanquished

Notes
Turn   | Place    | Note
-------+----------+-------------------------------------------
     0 | D:1      | BinkBink the Deep Dwarf Berserker began the quest for the
                  | Orb.
     0 | D:1      | Reached XP level 1. HP: 20/20 MP: 1/1
   100 | D:1      | Reached XP level 2. HP: 27/27 MP: 2/2
   845 | D:2      | Reached XP level 3. HP: 34/34 MP: 3/3
  1008 | D:2      | Reached ** piety under Trog
  1047 | D:2      | Found a white marble altar of Elyvilon.
  1060 | D:2      | Reached XP level 4. HP: 30/42 MP: 4/4
  1779 | D:3      | Found a deep blue altar of Sif Muna.
  2124 | D:4      | Reached XP level 5. HP: 43/49 MP: 5/5
  2172 | D:4      | Noticed an ogre
  2179 | D:4      | Killed an ogre
  2188 | D:4      | Reached XP level 6. HP: 29/57 MP: 6/6
  2371 | D:4      | Reached skill level 5 in Long Blades
  2850 | D:5      | Entered Level 5 of the Dungeon
  2956 | D:5      | Reached skill level 1 in Axes
  2956 | D:5      | Reached XP level 7. HP: 36/64 MP: 7/7
  3206 | D:5      | Reached skill level 5 in Armour
  3268 | D:5      | Reached XP level 8. HP: 27/73 MP: 7/7
  3588 | D:5      | Found a staircase to the Ecumenical Temple.
  3781 | D:6      | Reached skill level 5 in Axes
  3887 | D:6      | Noticed Eustachio
  3914 | D:6      | Reached skill level 5 in Fighting
  3946 | D:6      | Killed Eustachio
  4058 | D:6      | Gained mutation: You passively map the area around you.
                  | [Deep Dwarf growth]
  4058 | D:6      | Reached XP level 9. HP: 54/81 MP: 8/8
  4079 | D:6      | Identified the Grimoire of Enchanting Conjuration
  4674 | D:7      | Found a sacrificial altar of Ru.
  4819 | D:7      | Noticed Joseph
  4846 | D:7      | Killed Joseph
  5120 | D:7      | Found a bloodstained altar of Trog.
  5133 | D:7      | Found a shattered altar of Ashenzari.
  5206 | D:7      | Reached skill level 1 in Slings
  5745 | D:8      | Found a hide-covered altar of Uskayaw.
  5776 | D:8      | Noticed a death knight
  5916 | D:8      | Mangled by a death knight

Levels and vault maps discovered:
D:1:      dpeg_arrival_round_b, layout_basic
D:2:      layout_rooms, old_standard_altar, first_ration
D:3:      layout_basic, led_sif_book
D:4:      layout_loops_ring, serial_glass, glass_columns_a, glass_columns_a,
          feat_on_display, item_on_display_b, due_unseen_surprise
D:5:      minmay_opposing_rooms, layout_cave_pods, minmay_temple_entry_waves
D:6:      layout_cave_pools, hangedman_decor_peaks_small, kennysheep_cross_room,
          uniq_eustachio
D:7:      layout_loops_corners, nicolae_ru_the_path_less_chosen,
          nicolae_ashenzari_panopticon, bloody_trog, uniq_joseph
D:8:      minmay_cut_squares, layout_basic, old_standard_altar, serial_shops,
          shop

Skill      XL: |  1  2  3  4  5  6  7  8  9 |
---------------+----------------------------+-----
Fighting       | 3 4 5 6 |  6.3
Long Blades    | 4 5 |  5.7
Armour         | 3 4 5 7 8 |  8.3
Dodging        | 3 4 |  4.6
Axes           | 1 3 6 8 |  8.5
Slings         | 2 |  2.8
Stealth        | |  0.4

Action                   |  1- 3 |  4- 6 |  7- 9 || total
-------------------------+-------+-------+-------++-------
Melee: Falchion          |   129 |   187 |       ||   316
       War axe           |       |    23 |   320 ||   343
 Fire: Hunting sling     |       |       |    47 ||    47
Invok: Trog's Hand       |       |     8 |    20 ||    28
 Abil: Heal Wounds       |       |     2 |    16 ||    18
  Use: Scroll            |       |       |     1 ||     1
  Eat: Chunk             |       |     9 |    17 ||    26
Armor: Chain mail        |   110 |   133 |   131 ||   374
       Plate armour      |       |       |    97 ||    97
Dodge: Dodged            |    87 |   113 |   194 ||   394
       Rpst.: Falchion   |    29 |    26 |       ||    55

Table legend:
 A = Non-vault XP
 B = Vault XP
 C = Vault XP percentage of total XP
 D = Non-vault monster count
 E = Vault monster count
 F = Vault count percentage of total count
                 A         B        C        D         E       F
            +---------+---------+-------+---------+---------+-------
      Total |    3938 |    1245 |  24.0 |     161 |      11 |   6.4
            +---------+---------+-------+---------+---------+-------
        D:1 |      39 |       0 |   0.0 |      19 |       0 |   0.0
        D:2 |     120 |       0 |   0.0 |      35 |       0 |   0.0
        D:3 |      33 |       0 |   0.0 |      13 |       0 |   0.0
        D:4 |     489 |       0 |   0.0 |      26 |       0 |   0.0
        D:5 |     624 |     635 |  50.4 |      14 |       9 |  39.1
        D:6 |    1533 |     191 |  11.1 |      32 |       1 |   3.0
        D:7 |     688 |     419 |  37.9 |       8 |       1 |  11.1
        D:8 |     412 |       0 |   0.0 |      14 |       0 |   0.0
            +---------+---------+-------+---------+---------+-------
